 Dungeon Crawl Stone Soup version 0.29.0-11-gd7f09526c8 (webtiles) character file.

Game seed: 4330281476255741399

81 pacmanke6689 the Trooper (level 4, 0/41 HPs)
             Began as a Draconian Fighter on Sept 2, 2022.
             Succumbed to an adder's poison
             ... on level 3 of the Dungeon.
             The game lasted 00:06:10 (1958 turns).

pacmanke6689 the Trooper (Draconian Fighter)        Turns: 1958, Time: 00:06:10

Health: 0/41       AC:  5    Str: 18    XL:     4   Next: 19%
Magic:  4/4        EV:  9    Int:  9    God:
Gold:   98         SH:  5    Dex: 12    Spells: 3/3 levels left

rFire   . . .      SeeInvis .   a - +2 long sword
rCold   . . .      Faith    .   b - +1 buckler
rNeg    . . .      Spirit   .   (body armour unavailable)
rPois   .          Reflect  .   (helmet restricted)
rElec   .          Harm     +   e - scarf {harm}
rCorr   .          Rampage  .   (no gloves)
Will    .....                   (no boots)
Stlth   +.........              (no amulet)
HPRegen 0.13/turn               (no ring)
MPRegen 0.09/turn               (no ring)

@: mighty, lethally poisoned (0 -> -4), constricted
A: AC +5, unfitting armour, cold-blooded
a: no special abilities


You were on level 3 of the Dungeon.
You visited 1 branch of the dungeon, and saw 3 of its levels.

You collected 98 gold pieces.

Inventory:

Hand Weapons
 a - a +2 long sword (weapon)
Armour
 b - a +1 buckler (worn)
 e - a scarf of harm (worn)
Jewellery
 d - a +6 ring of strength
Scrolls
 i - a scroll of noise
 k - a scroll of amnesia
Potions
 g - a potion of heal wounds {unknown}
 h - 2 potions of lignification


   Skills:
 + Level 4.3 Fighting
 + Level 3.0 Long Blades
 + Level 3.0 Dodging
 + Level 3.3 Shields


You had 3 spell levels left.
You didn't know any spells.
Your spell library contained the following spells:

 Spells                   Type           Power      Damage    Failure   Level
 Poisonous Vapours        Pois/Air       0%         N/A       63%         2
 Corpse Rot               Necr/Pois/Air  0%         N/A       99%         4


Dungeon Overview and Level Annotations

Branches:
Dungeon (3/15)

Altars:

Shops:
D:3 :


Innate Abilities, Weirdness & Mutations

Your plain brown scales are hard. (AC +5)
You cannot fit into any form of body armour.
You are cold-blooded and may be slowed by cold attacks.


Message History

The puff of flame hits you!
* * * LOW HITPOINT WARNING * * *
The bat closely misses you. The bat hits you but does no damage.
You block the bat's attack. The bat hits you but does no damage.
The adder attacks as you move away! You block the adder's attack.
The adder attacks as you move away! The adder barely misses you.
Found 10 gold pieces.
The adder bites you but does no damage. The adder attacks as you move away!
The adder misses you. The adder attacks as you move away!
The adder closely misses you. The adder bites you but does no damage.
You see here 10 gold pieces.
The adder attacks as you move away! You block the adder's attack.
An endoplasm comes into view.
The endoplasm quivers.
You miss the adder.
Your tail-slap misses the adder.
The adder closely misses you. The ball python closely misses you.
The ball python grabs you. The ball python constricts you.
You miss the adder. The adder bites you.
* * * LOW HITPOINT WARNING * * *
You are lethally poisoned!
The adder poisons you!
The ball python bites you but does no damage.
The ball python constricts you. You block the adder's attack.
You miss the adder.
Your tail-slap misses the adder.
* * * LOW HITPOINT WARNING * * *
You feel sick. The ball python misses you. The ball python constricts you.
The adder bites you but does no damage. You block the ball python's attack.
The ball python constricts you. The adder completely misses you.
You slash the adder!
You kill the adder!
* * * LOW HITPOINT WARNING * * *
You feel sick.
The ball python bites you but does no damage.
The ball python constricts you.
Your Long Blades skill increases to level 3!
You slash the endoplasm!
You kill the endoplasm!
You die...

#. ##...#
####...
###.## ..
#..#
##.####
#..r.##
####$l#
##o#
######S##
.......†@#
##########


You could see an orc, a ball python, a frilled lizard and a rat.

Vanquished Creatures
  3 adders
  2 dart slugs (D:2)
  8 ball pythons
  4 endoplasms
  2 giant cockroaches (D:1)
  3 goblins
  3 hobgoblins
  3 jackals (D:1)
  7 quokkas
  3 bats
  3 frilled lizards
  4 kobolds (D:1)
  A rat (D:2)
46 creatures vanquished.

Notes
Turn   | Place    | Note
-------+----------+-------------------------------------------
     0 | D:1      | pacmanke6689 the Draconian Fighter began the quest for the
                  | Orb.
     0 | D:1      | Reached XP level 1. HP: 19/19 MP: 1/1
   580 | D:1      | Reached XP level 2. HP: 24/26 MP: 2/2
  1248 | D:2      | Reached XP level 3. HP: 33/33 MP: 3/3
  1370 | D:2      | Found a faded altar of an unknown god.
  1530 | D:2      | Reached skill level 4 in Fighting
  1636 | D:2      | Reached XP level 4. HP: 40/40 MP: 4/4
  1917 | D:3      | Found Ythreo's Vocational Training.
  1933 | D:3      | HP: 2/40 [something/puff of flame (13)]
  1956 | D:3      | HP: 2/40 [poisoned by an adder]
  1958 | D:3      | Succumbed to an adder's poison

Illustrated notes

Levels and vault maps discovered:
D:1:      minmay_arrival_arboretum_small, layout_loops_ring,
          grunt_decor_mini_mirrors
D:2:      layout_basic, hellmonk_ecumenical_altar_run_dry
D:3:      minmay_octagon_keep, layout_rooms, nicolae_shop_vocational,
          uniq_natasha

Skill      XL: |  1  2  3  4 |
---------------+-------------+-----
Fighting       | 4 |  4.3
Dodging        | 3 |  3.0
Long Blades    | 3 |  3.0
Shields        | |  3.3

Action                   |  1- 3 |  4- 6 || total
-------------------------+-------+-------++-------
Melee: Long sword        |   106 |    13 ||   119
       Tailslap          |     7 |       ||     7
  Use: Scroll            |     6 |     4 ||    10
       Potion            |       |     3 ||     3
Armor: Skin              |    33 |    22 ||    55
Dodge: Dodged            |    82 |    34 ||   116
Block: Buckler           |    22 |    13 ||    35
